 Seeded DCSS version 0.30.1-4-g462c640d31 (webtiles) character file.

Game seed: 6351066067085065685 (custom seed)

986 Esekla the Reanimator (level 7, -3/36 HPs)
             Began as a Deep Elf Necromancer on Aug 19, 2023.
             Was a Believer of Vehumet.
             Slain by a lemure (6 damage)
             ... led by Pikel
             ... on level 6 of the Dungeon.
             The game lasted 00:22:31 (4838 turns).

Esekla the Reanimator (Deep Elf Necromancer)        Turns: 4838, Time: 00:22:32

Health: -3/36      AC:  4    Str:  5    XL:     7   Next: 97%
Magic:  14/19      EV: 14    Int: 22    God:    Vehumet [**....]
Gold:   325        SH:  0    Dex: 15    Spells: 10/20 levels left

rFire   . . .        a - +2 dagger (vamp)
rCold   . . .        (no shield)
rNeg    . . .        n - +0 robe
rPois   .            i - +0 helmet
rElec   .            (no cloak)
rCorr   .            h - +0 pair of gloves
SInv    .            (no boots)
Will    .....        (no amulet)
Stlth   +++          (no ring)
HPRegen 0.26/turn    (no ring)
MPRegen 0.16/turn

%: no passive effects
@: no status effects
A: no striking features
a: Renounce Religion


You were on level 6 of the Dungeon.
You worshipped Vehumet.
Vehumet was pleased with you.
You visited 1 branch of the dungeon, and saw 6 of its levels.

You collected 325 gold pieces.

Inventory:

Hand Weapons
 a - a +2 vampiric dagger (weapon)
 r - a +0 spear
 s - the +5 rapier of the Hero {heavy, rN+ Dex+3}
   (You found it on level 3 of the Dungeon)

   Dex:       It affects your dexterity (+3).
   rN:        It protects you from negative energy.
Missiles
 u - 8 poisoned darts (quivered)
Armour
 h - a +0 pair of gloves (worn)
 i - a +0 helmet (worn)
 n - a +0 robe (worn)
Jewellery
 A - an amulet of magic regeneration
Wands
 e - a wand of flame (7)
 o - a wand of roots (15)
Scrolls
 c - 2 scrolls of blinking {unknown}
 f - 5 scrolls of identify {unknown}
 k - a scroll of enchant armour {unknown}
 l - 2 scrolls of amnesia {unknown}
 m - a scroll of immolation {unknown}
 w - 2 scrolls of fog {unknown}
 x - a scroll of silence {unknown}
 y - 3 scrolls of enchant weapon {unknown}
 z - a scroll of magic mapping {unknown}
 C - 2 scrolls of fear
 D - a scroll of teleportation {unknown}
Potions
 b - a potion of magic
 d - 2 potions of ambrosia {unknown}
 g - 5 potions of curing {unknown}
 j - a potion of mutation {unknown}
 p - a potion of haste {unknown}
 q - 3 potions of attraction {unknown}
 t - 2 potions of heal wounds {unknown}
 v - 3 potions of brilliance {unknown}
 B - a potion of lignification {unknown}


   Skills:
 + Level 2.3 Short Blades
 * Level 4.6 Dodging
 + Level 3.8 Stealth
 * Level 7.0 Spellcasting
 * Level 8.0 Necromancy
 * Level 2.7 Translocations


You had 10 spell levels left.
You knew the following spells:

 Your Spells              Type           Power      Damage    Failure   Level
a - Necrotise             Necr           100%       1d9       1%          1
b - Kiss of Death         Conj/Necr      100%       2d13      1%          1
c - Momentum Strike       Conj/Tloc      26%        3d8       7%          2
d - Vampiric Draining     Necr           43%        2d9       1%          3
t - Teleport Other        Tloc           19%        N/A       8%          3

Your spell library contained the following spells:

 Spells                   Type           Power      Damage    Failure   Level
 Animate Dead             Necr           43%        N/A       3%          4
 Lesser Beckoning         Tloc           38%        N/A       4%          2
 Gell's Gravitas          Tloc           19%        N/A       8%          3
 Agony                    Necr           43%        N/A       9%          5
 Spider Form              Tmut/Pois      7%         N/A       24%         3
 Cause Fear               Hex            3%         N/A       63%         4
 Summon Mana Viper        Hex/Summ       7%         N/A       92%         5


Dungeon Overview and Level Annotations

Branches:
Dungeon (6/15)             Temple (0/1) D:6

Altars:
Dithmenos
Hepliaklqana
Okawaru
Qazlal
Trog
Vehumet
Zin
The Shining One

Shops:
D:2 =   D:4 (


Message History

The white imp hits you. The white imp freezes you.
You hit the white imp but do no damage.
The white imp is moderately wounded.
The white imp completely misses you.
You barely miss the white imp.
The white imp is moderately wounded.
The white imp hits you. The white imp freezes you.
Aiming: Throw Flame
Press: ? - help, Shift-Dir - straight line, f/p - white imp
Aim: a white imp (moderately wounded, 68% to hit)
The puff of flame misses the white imp.
The white imp gestures at you. The puff of frost hits you.
* * * LOW HITPOINT WARNING * * *
Aiming: Throw Flame
Press: ? - help, Shift-Dir - straight line, f/p - white imp
Aim: a white imp (moderately wounded, 68% to hit)
The puff of flame hits the white imp!
The white imp is burned terribly!
You kill the white imp!
Vehumet accepts your kill.
Your Necromancy skill increases to level 8!
A lemure comes into view.
Casting: Vampiric Draining (safe; 1% risk of failure)
Confirm with . or Enter, or press ? or * to list all spells.
Aiming: Teleport Other (dangerous; 8% risk of failure)
Press: ? - help, Shift-Dir - straight line, f - lemure
Aim: a lemure (chance to affect: 59%)
The lemure looks slightly unstable.
You see here a +0 robe.
The lemure disappears!
The lemure hits you!
* * * LOW HITPOINT WARNING * * *
You hit the lemure but do no damage. The lemure barely misses you.
Casting: Teleport Other (dangerous; 8% risk of failure)
Confirm with . or Enter, or press ? or * to list all spells.
Aiming: Teleport Other (dangerous; 8% risk of failure)
Press: ? - help, Shift-Dir - straight line, f/p - lemure
Aim: a lemure (chance to affect: 59%)
The lemure looks slightly unstable.
The lemure hits you.
You die...

######### ##
......5.#####.#.
##@.......#
#...........# #
#.#.#.#.#.#.. ##
#(..........# #.
#.#[......#.# #.
#####...........# #.
#.....#...>...#.######.
#......[........##.....
#.....#.......#........


You could see a lemure (teleporting).

Vanquished Creatures
  An ice beast (D:6)
  A black bear (D:1)
  An ogre (D:5)
  2 scorpions (D:5)
  A gnoll bouda (D:4)
  4 hounds
  A sleepcap (D:5)
  5 iguanas
  12 gnolls
  8 adders
  3 white imps
  A worm (D:4)
  3 dart slugs
  11 orcs
  6 ball pythons
  4 endoplasms
  8 goblins
  5 hobgoblins
  A quokka (D:1)
  4 bats
  4 frilled lizards
  5 kobolds
  A rat (D:2)
92 creatures vanquished.

Notes
Turn   | Place    | Note
-------+----------+-------------------------------------------
     0 | D:1      | Esekla the Deep Elf Necromancer began the quest for the
                  | Orb.
     0 | D:1      | Reached XP level 1. HP: 10/10 MP: 6/6
   476 | D:4      | Found a glowing golden altar of the Shining One.
   487 | D:4      | Found a radiant altar of Vehumet.
   491 | D:4      | Became a worshipper of Vehumet
   501 | D:4      | Found an iron altar of Okawaru.
   512 | D:4      | Found a glowing silver altar of Zin.
   601 | D:3      | Reached skill level 5 in Necromancy
   771 | D:3      | Reached XP level 2. HP: 15/15 MP: 8/8
   974 | D:3      | Identified the +5 rapier of the Hero {heavy, rN+ Dex+3}
  1031 | D:2      | Found Renulab's Jewellery Shop.
  1160 | D:2      | Noticed a black bear
  1228 | D:1      | Reached XP level 3. HP: 19/19 MP: 9/9
  1232 | D:1      | Learned a level 3 spell: Vampiric Draining
  1250 | D:1      | Killed a black bear
  1251 | D:1      | Reached skill level 1 in Short Blades
  1251 | D:1      | Reached XP level 4. HP: 11/24 MP: 0/11
  1408 | D:2      | Reached XP level 5. HP: 19/28 MP: 8/12
  1503 | D:2      | Reached skill level 6 in Necromancy
  1510 | D:2      | Found a faded altar of an unknown god.
  1862 | D:1      | Reached * piety under Vehumet
  1862 | D:1      | Offered knowledge of Kiss of Death by Vehumet.
  1871 | D:1      | Learned a level 3 spell: Teleport Other
  1873 | D:1      | Learned a level 1 spell: Kiss of Death
  2290 | D:3      | Found a stormy altar of Qazlal.
  2339 | D:3      | Found a hazy altar of Hepliaklqana.
  2341 | D:3      | Found a bloodstained altar of Trog.
  2638 | D:4      | Reached XP level 6. HP: 31/32 MP: 11/15
  2792 | D:4      | Reached skill level 5 in Spellcasting
  2825 | D:4      | Reached skill level 1 in Translocations
  3003 | D:4      | Found Ponaysk's Antique Weapon Boutique.
  3300 | D:5      | Entered Level 5 of the Dungeon
  3308 | D:5      | Got the Parchment of the Lumpy Olives
  3324 | D:5      | Found a shadowy altar of Dithmenos.
  3938 | D:5      | Reached ** piety under Vehumet
  3938 | D:5      | Offered knowledge of Momentum Strike by Vehumet.
  3954 | D:5      | Learned a level 2 spell: Momentum Strike
  3968 | D:5      | Reached skill level 7 in Necromancy
  3968 | D:5      | Reached XP level 7. HP: 34/36 MP: 7/17
  4804 | D:6      | Found a staircase to the Ecumenical Temple.
  4829 | D:6      | Reached skill level 8 in Necromancy
  4838 | D:6      | Slain by a lemure

Illustrated notes

Levels and vault maps discovered:
D:1:      sevenhm_arrival_forest_fort_small_3, layout_rooms,
          chequers_serial_rivers_room_b, minmay_misc_feat_five
D:2:      layout_loops_ring, dreamdust_ecumenical_altar_angels_and_demons,
          serial_shops, shop
D:3:      layout_basic, grunt_temple_overflow_open, minmay_misc_feat_iff
D:4:      layout_basic, nicolae_overflow_quartered_altars, serial_shops,
          nicolae_diamond_shop
D:5:      layout_loops_ring, lemuel_doored_altar, minmay_misc_feat_rows,
          dreamdust_wishing_well
D:6:      layout_loops_cross, fedhas_altar_fruit_tree,
          minmay_temple_entry_glass, uniq_pikel, uniq_blork_the_orc

Skill      XL: |  1  2  3  4  5  6  7 |
---------------+----------------------+-----
Necromancy     | 5 6 7 8 |  8.0
Dodging        | 3 4 |  4.6
Short Blades   | 1 2 |  2.3
Stealth        | 3 |  3.8
Spellcasting   | 4 5 7 |  7.0
Translocations | 1 2 |  2.7

Action                     |  1- 3 |  4- 6 |  7- 9 || total
---------------------------+-------+-------+-------++-------
  Melee: Short sword       |    37 |       |       ||    37
         Unarmed           |     9 |       |       ||     9
         Rapier            |    16 |     2 |       ||    18
         Dagger            |       |   185 |    74 ||   259
         Punch             |       |     2 |     3 ||     5
  Throw: Dart              |       |     4 |     2 ||     6
   Cast: Vampiric Draining |     3 |    38 |    18 ||    59
         Teleport Other    |       |       |     2 ||     2
  Evoke: Wand              |       |     2 |     6 ||     8
    Use: Scroll            |       |     1 |       ||     1
   Stab: Sleeping          |     3 |     4 |     1 ||     8
 Armour: Robe              |    23 |    25 |    10 ||    58
  Dodge: Dodged            |    45 |   103 |    57 ||   205
